 Dungeon Crawl Stone Soup version 0.28.0-45-g0d030f2227 (webtiles) character file.

Game seed: 2638839102358071483

60 MisterFreud the Prestidigitator (level 4, -1/34 HPs)
             Began as a Gnoll Wanderer on Mar 31, 2022.
             Was a Follower of Hepliaklqana.
             Slain by a gnoll
             ... wielding a +0 halberd
              (11 damage)
             ... on level 2 of the Dungeon.
             The game lasted 00:02:19 (1515 turns).

MisterFreud the Prestidigitator (Gnoll Wanderer)    Turns: 1515, Time: 00:02:19

Health: -1/34      AC:  3    Str: 10    XL:     4   Next: 4%
Magic:  5/5        EV: 12    Int: 12    God:    Hepliaklqana [*.....]
Gold:   89         SH:  0    Dex: 14    Spells: 5/5 levels left

rFire   . . .      SeeInvis .   a - +0 falchion
rCold   . . .      Faith    .   (no shield)
rNeg    . . .      Spirit   .   d - +0 robe
rPois   .          Reflect  .   (no helmet)
rElec   .          Harm     .   (no cloak)
rCorr   .          Rampage  .   c - +0 pair of gloves
Will    .....                   (no boots)
Stlth   ++........              (no amulet)
HPRegen 0.11/turn               (no ring)
MPRegen 0.09/turn               (no ring)

@: no status effects
A: reduced essence, fangs 1, strong nose, distributed training
a: Renounce Religion, Recall Ancestor, Ancestor Identity


You were on level 2 of the Dungeon.
You worshipped Hepliaklqana.
Hepliaklqana was aware of your devotion.
You visited 1 branch of the dungeon, and saw 2 of its levels.

You collected 89 gold pieces.

Inventory:

Hand Weapons
 a - a +0 falchion (weapon)
 e - a +1 dagger of draining
Armour
 c - a +0 pair of gloves (worn)
 d - a +0 robe (worn)
Wands
 b - a wand of charming (15) (quivered)
Scrolls
 i - 2 scrolls of identify {unknown}
Potions
 f - 2 potions of invisibility {unknown}
 g - a potion of haste {unknown}
 h - a potion of curing {unknown}


   Skills:
 + Level 4.6 Fighting
 + Level 1.0 Short Blades
 + Level 4.6 Long Blades
 + Level 1.0 Axes
 + Level 1.0 Maces & Flails
 + Level 1.0 Polearms
 + Level 1.0 Staves
 + Level 1.0 Slings
 + Level 1.0 Bows
 + Level 1.0 Crossbows
 + Level 1.0 Throwing
 + Level 1.0 Armour
 + Level 2.7 Dodging
 + Level 2.5 Stealth
 + Level 1.0 Shields
 + Level 1.0 Unarmed Combat
 + Level 1.0 Spellcasting
 + Level 0.7 Conjurations
 + Level 0.7 Hexes
 + Level 0.7 Summonings
 + Level 0.7 Necromancy
 + Level 0.7 Translocations
 + Level 0.7 Transmutations
 + Level 0.7 Fire Magic
 + Level 0.7 Ice Magic
 + Level 0.7 Air Magic
 + Level 0.7 Earth Magic
 + Level 0.7 Poison Magic
 + Level 1.1 Invocations
 + Level 8.5 Evocations


You had 5 spell levels left.
You didn't know any spells.
Your spell library contained the following spells:

 Spells                   Type           Power      Damage    Failure   Level
 Shock                    Conj/Air       8%         1d3       22%         1
 Dispersal                Tloc           1%         N/A       100%        6
 Disjunction              Tloc           1%         N/A       100%        8


Dungeon Overview and Level Annotations

Branches:
Dungeon (2/15)

Altars:
Hepliaklqana


Innate Abilities, Weirdness & Mutations

Your life essence is reduced to manifest your ancestor. (-10% HP)
You have very sharp teeth.
Your uncanny sense of smell can sniff out nearby items.
Your experience applies equally to all skills.


Message History

The jackal bites you. x2
You are too injured to fight recklessly!
You are too injured to fight recklessly!
You hit the jackal.
You kill the jackal!
There is a stone staircase leading down here.
You start resting.
Necuametl emerges from the mists of memory!
You climb downwards.
There is a stone staircase leading up here.
You start resting.
A gnoll comes into view. It is wielding a +0 halberd.
A gnoll is nearby!
A gnoll is nearby!
You swap places.
You swap places.
There is a stone staircase leading up here.
You swap places.
There is a stone staircase leading up here.
The gnoll misses you.
You barely miss the gnoll. The gnoll closely misses you.
You barely miss the gnoll. The gnoll closely misses you.
Necuametl misses the gnoll.
You closely miss the gnoll. You bite the gnoll, but do no damage.
The gnoll hits you with a +0 halberd.
Necuametl hits the gnoll.
You hit the gnoll but do no damage.
The gnoll is lightly wounded.
The gnoll hits you with a +0 halberd.
Necuametl hits the gnoll.
You hit the gnoll. You bite the gnoll, but do no damage.
The gnoll is heavily wounded.
The gnoll hits you with a +0 halberd!
* * * LOW HITPOINT WARNING * * *
Necuametl hits the gnoll but does no damage.
You closely miss the gnoll.
The gnoll is heavily wounded.
The gnoll misses you.
Necuametl barely misses the gnoll.
You barely miss the gnoll.
The gnoll is heavily wounded.
The gnoll hits you with a +0 halberd!
You die...

∆ ♣♣ .♣ ♣.
♣P♣# ♣♣@###
♣gR<.#
....§§♣♣#.#
P.P§§♣ #.#
.♣♣♣♣ #.#
#.# #.# ∆
#.# #.#


You could see the friendly Necuametl the ancestor and a gnoll (ally target).

Vanquished Creatures
  2 adders (D:2)
  A ball python (D:1)
  2 hobgoblins (D:1)
  6 jackals (D:1)
  3 kobolds
  2 bats (D:1)
  7 goblins (D:1)
  2 rats (D:1)
25 creatures vanquished.

Vanquished Creatures (collateral kills)
  An adder (D:2)
  2 ball pythons (D:2)
  A jackal (D:2)
  A frilled lizard (D:2)
  A goblin (D:1)
6 creatures vanquished.

Vanquished Creatures (others)
  An ancestor (D:2)
  31 plants (D:2)
32 creatures vanquished.

Grand Total: 63 creatures vanquished

Notes
Turn   | Place    | Note
-------+----------+-------------------------------------------
     0 | D:1      | MisterFreud the Gnoll Wanderer began the quest for the Orb.
     0 | D:1      | MisterFreud set off with the following items: a +0
                  | falchion, a wand of charming (16), a +0 pair of gloves, a
                  | +0 robe
     0 | D:1      | Reached XP level 1. HP: 20/20 MP: 1/1
   234 | D:1      | Reached XP level 2. HP: 6/26 MP: 2/2
   749 | D:1      | Found a faded altar of an unknown god.
   753 | D:1      | Got Plato's Guide on Weightlessness
   764 | D:1      | Prayed at the altar of an unknown god.
   764 | D:1      | Became a worshipper of Hepliaklqana the Forgotten
   764 | D:1      | Reached * piety under Hepliaklqana
  1197 | D:1      | Reached XP level 3. HP: 23/27 MP: 3/3
  1369 | D:2      | Reached skill level 1 in Invocations
  1379 | D:2      | Reached skill level 1 in Short Blades
  1379 | D:2      | Reached skill level 1 in Axes
  1379 | D:2      | Reached skill level 1 in Maces & Flails
  1379 | D:2      | Reached skill level 1 in Polearms
  1379 | D:2      | Reached skill level 1 in Staves
  1379 | D:2      | Reached skill level 1 in Slings
  1379 | D:2      | Reached skill level 1 in Bows
  1379 | D:2      | Reached skill level 1 in Crossbows
  1379 | D:2      | Reached skill level 1 in Throwing
  1379 | D:2      | Reached skill level 1 in Armour
  1379 | D:2      | Reached skill level 1 in Shields
  1379 | D:2      | Reached skill level 1 in Unarmed Combat
  1379 | D:2      | Reached skill level 1 in Spellcasting
  1379 | D:2      | Reached XP level 4. HP: 18/34 MP: 5/5
  1515 | D:2      | Slain by a gnoll

Illustrated notes

Levels and vault maps discovered:
D:1:      dpeg_arrival_chambers_temple_mockup, layout_basic,
          shapermc_ecumenical_altar_rom_forum
D:2:      wad_woods_stonehenge, layout_loops_ring, roderic_serpentine_path,
          minmay_pentomino_w4

Skill      XL: |  1  2  3 |
---------------+----------+-----
Invocations    | 1 |  1.1
Short Blades   | 1 |  1.0
Axes           | 1 |  1.0
Maces & Flails | 1 |  1.0
Polearms       | 1 |  1.0
Staves         | 1 |  1.0
Slings         | 1 |  1.0
Bows           | 1 |  1.0
Crossbows      | 1 |  1.0
Throwing       | 1 |  1.0
Armour         | 1 |  1.0
Shields        | 1 |  1.0
Unarmed Combat | 1 |  1.0
Spellcasting   | 1 |  1.0
Fighting       | |  4.6
Long Blades    | |  4.6
Dodging        | |  2.7
Stealth        | |  2.5
Conjurations   | |  0.7
Hexes          | |  0.7
Summonings     | |  0.7
Necromancy     | |  0.7
Translocations | |  0.7
Transmutations | |  0.7
Fire Magic     | |  0.7
Ice Magic      | |  0.7
Air Magic      | |  0.7
Earth Magic    | |  0.7
Poison Magic   | |  0.7
Evocations     | |  8.5

Action                   |  1- 3 |  4- 6 || total
-------------------------+-------+-------++-------
Melee: Falchion          |    88 |    10 ||    98
       Bite              |     6 |     2 ||     8
       Punch             |     1 |     1 ||     2
Evoke: Wand              |     1 |       ||     1
Armor: Robe              |    48 |       ||    48
Dodge: Dodged            |    74 |     8 ||    82
